Map: Triton LE

Players

Kelazhur - Winner!

  • Race: Terran Terran
  • League: Master
  • Spawn Location: 11:00

RlSky (RiSky)

  • Race: Zerg Zerg
  • Spawn Location: 5:00

Event: NationWars 2019

VOD

Have the link to the VOD?

Description

Time

  • Played on: Oct. 12, 2019, 4:13 p.m.
  • Length: 8:32

All games in this series

Show
View Real Time Build Order
Export as new Build Order

Kelazhur Terran - Winner!

Build Orders: Reaper Expand, Hellion Banshee 

Get SALT Encoding   

  12  0:00  SCV  
  13  0:12  SCV  
  14  0:17  Supply Depot  
  14  0:24  SCV  
  15  0:38  SCV  
  15  0:40  Barracks  
  16  0:43  Refinery  
  16  0:50  SCV  
  17  1:02  SCV  
  18  1:15  SCV  
  19  1:27  Orbital Command, Reaper  
  20  1:39  Command Center  
  20  1:49  Supply Depot  
  20  1:52  SCV  
  21  1:59  Marine  
  22  2:02  Factory  
  22  2:06  SCV  
  23  2:10  Refinery  
  23  2:18  SCV  
  23  2:19  Barracks Reactor  
  24  2:30  SCV  
  25  2:43  SCV  
  26  2:51  Orbital Command  
  26  2:52  Starport  
  26  2:55  SCV  
  27  3:01  Hellion x2  
  31  3:07  SCV  
  31  3:09  Barracks Tech Lab  
  32  3:18  SCV  
  32  3:19  SCV  
  34  3:22  Hellion  
  34  3:23  Hellion  
  34  3:24  Supply Depot  
  38  3:30  SCV  
  38  3:31  SCV  
  40  3:36  Banshee, Cloaking Field  
  43  3:42  SCV  
  43  3:43  SCV  
  43  3:46  Hellion x2  
  49  3:48  Supply Depot  
  49  3:54  SCV  
  50  3:56  SCV  
  51  4:06  Command Center  
  51  4:08  SCV  
  52  4:11  SCV  
  52  4:18  Banshee  
  52  4:20  SCV, Hellion x2  
  60  4:25  SCV  
  61  4:32  SCV, Supply Depot  
  61  4:34  Barracks Tech Lab  
  62  4:42  Supply Depot  
  62  4:48  Barracks  
  62  4:49  Factory Reactor  
  62  4:52  Barracks  
  62  4:54  SCV x2  
  64  5:00  Marine  
  64  5:01  Stimpack  
  64  5:06  SCV x2  
  67  5:15  Engineering Bay  
  67  5:16  Engineering Bay  
  67  5:18  SCV x2, Orbital Command  
  67  5:19  Refinery  
  67  5:20  Refinery  
  69  5:23  Starport Reactor  
  69  5:24  Marine  
  70  5:30  SCV x2  
  72  5:37  Marine x2  
  72  5:42  SCV x2  
  76  5:43  Siege Tank  
  76  5:44  Terran Infantry Weapons Level 1, Terran Infantry Armor Level 1  
  76  5:46  Orbital Command  
  79  5:51  Supply Depot  
  79  5:53  Marine x3  
  79  5:54  SCV x2  
  79  5:56  Marine x2  
  86  6:00  Medivac x2  
  90  6:06  SCV x2  
  90  6:10  Marine  
  93  6:13  Marine x2  
  93  6:14  SCV  
  96  6:18  SCV x2  
  96  6:21  Marine  
  96  6:22  Marine  
  100  6:26  SCV  
  100  6:29  Supply Depot  
  100  6:30  Armory, Supply Depot  
  100  6:32  Barracks x2  
  101  6:51  SCV x3, Siege Tank, Marine x3  
  110  6:55  Supply Depot, Marine  
  110  6:56  Marine  
  110  6:57  Combat Shield  
  110  7:03  SCV x2  
  110  7:04  SCV  
  110  7:05  Medivac x2  
  110  7:07  Supply Depot  
  110  7:08  Supply Depot  
  117  7:16  SCV x2, Marine x3  
  117  7:17  Supply Depot  
  117  7:19  Marine  
  117  7:20  Barracks Reactor x2  
  123  7:25  Marine  
  123  7:26  SCV  
  125  7:34  Marine x2  
  125  7:35  Marine  
  125  7:37  Siege Tank, Marine  
  125  7:42  SCV  
  125  7:43  Medivac  
  132  7:46  SCV  
  132  7:50  Marine  
  134  7:53  Marine  
  134  7:54  Marine x2  
  134  7:55  Marine  
  134  8:05  Marine x2  
  131  8:07  Marine  
  131  8:08  Marine x2  
  131  8:11  Marine  
  131  8:12  Marine x2  
  133  8:14  Marine  
  133  8:15  SCV  
  133  8:17  SCV x2  
Show
View Real Time Build Order
Export as new Build Order

RlSky Zerg 

Build Orders: Hatch First 

Get SALT Encoding   

  12  0:00  Drone  
  13  0:12  Overlord  
  13  0:16  Drone  
  14  0:30  Drone x2  
  16  0:46  Hatchery  
  15  0:50  Drone  
  15  0:54  Drone  
  15  0:57  Drone  
  18  1:07  Extractor  
  17  1:12  Spawning Pool  
  17  1:15  Drone  
  17  1:18  Drone  
  18  1:27  Drone  
  19  1:38  Drone  
  20  1:48  Overlord  
  20  1:59  Queen x2  
  20  2:00  Zergling x4  
  26  2:10  Drone x2  
  28  2:22  Drone x2  
  30  2:32  Hatchery  
  30  2:33  Drone  
  30  2:35  Drone  
  30  2:45  Drone x2, Pneumatized Carapace  
  32  2:53  Overlord  
  32  2:56  Drone  
  33  3:00  Metabolic Boost  
  33  3:03  Drone  
  34  3:08  Drone  
  34  3:11  Drone x2  
  35  3:14  Drone  
  35  3:15  Drone  
  37  3:21  Drone  
  37  3:22  Queen  
  40  3:27  Queen  
  40  3:30  Overlord  
  40  3:31  Zergling x2  
  43  3:37  Overlord  
  43  3:41  Drone  
  43  3:45  Drone x2  
  43  3:46  Queen  
  43  3:48  Drone x2  
  50  3:51  Drone  
  50  3:54  Zergling x2  
  52  3:56  Zergling x2  
  52  3:57  Zergling x2  
  52  4:00  Lair  
  54  4:05  Queen  
  57  4:10  Drone x2  
  57  4:14  Roach Warren  
  57  4:15  Drone  
  57  4:17  Drone  
  59  4:19  Drone  
  59  4:20  Drone  
  61  4:26  Drone  
  61  4:29  Drone  
  61  4:30  Drone x2  
  65  4:34  Drone  
  65  4:36  Overlord x2  
  66  4:44  Overlord  
  66  4:50  Spore Crawler, Queen  
  66  4:51  Spore Crawler  
  66  4:54  Queen  
  66  4:58  Zergling x2  
  69  5:00  Drone x7  
  69  5:02  Drone x2  
  69  5:03  Overseer  
  77  5:08  Drone x2  
  77  5:09  Drone  
  77  5:12  Drone  
  77  5:13  Drone  
  79  5:14  Drone  
  79  5:15  Drone  
  79  5:18  Extractor  
  79  5:19  Drone x2  
  79  5:20  Extractor  
  81  5:21  Drone  
  81  5:22  Glial Reconstitution  
  81  5:25  Extractor  
  81  5:27  Overlord  
  81  5:28  Extractor  
  80  5:33  Zergling x4  
  80  5:34  Drone x2  
  82  5:36  Drone x2  
  82  5:37  Drone  
  82  5:39  Drone, Extractor  
  85  5:43  Drone  
  85  5:45  Drone  
  85  5:46  Evolution Chamber  
  85  5:48  Drone  
  85  5:49  Evolution Chamber  
  86  5:52  Drone  
  87  5:58  Overlord  
  87  6:01  Drone  
  87  6:03  Zergling x2  
  88  6:08  Hatchery  
  85  6:12  Overlord  
  84  6:19  Overlord  
  84  6:22  Overlord  
  84  6:23  Roach x6  
  94  6:26  Zerg Ground Armor Level 1, Zerg Missile Weapons Level 1  
  94  6:30  Roach x2  
  98  6:34  Drone  
  98  6:35  Drone x3  
  98  6:37  Roach  
  98  6:39  Roach  
  106  6:44  Roach  
  110  6:47  Roach  
  110  6:50  Overseer  
  110  6:54  Roach  
  112  6:57  Roach x4  
  112  6:59  Overlord  
  120  7:03  Overlord  
  120  7:05  Overlord  
  120  7:07  Overlord  
  120  7:11  Overlord  
  120  7:17  Overlord  
  120  7:19  Roach x4  
  128  7:23  Roach x3  
  128  7:28  Roach x3  
  137  7:31  Roach x3  
  141  7:39  Roach  
  141  7:40  Roach x6  
  155  7:46  Roach x3  
  155  7:48  Ravager  
  145  7:58  Roach x4  
  145  8:02  Roach x2  
  145  8:03  Roach, Ravager  
  145  8:04  Ravager  
  139  8:05  Roach  
  139  8:06  Roach  
  139  8:09  Roach  
  139  8:10  Roach x2  
  139  8:12  Roach x2  
Tags
 
Add a new tag
Caveats
  • Supply blocks, unpowered buildings, or Contaminate may cause inaccurate times.
  • Supply counts are checked every 10 seconds.